 Dungeon Crawl Stone Soup version 0.21.1-1-g345015f (webtiles) character file.

3836 Mgcat the Cleaver (level 9, -3/89 HPs)
             Began as a Minotaur Berserker on Mar 10, 2018.
             Was an Elder of Trog.
             Slain by a skeletal warrior
             ... wielding a +0 mace
              (9 damage)
             ... on level 8 of the Dungeon on Mar 11, 2018.
             The game lasted 00:24:11 (5126 turns).

Mgcat the Cleaver (Minotaur Berserker)              Turns: 5126, Time: 00:24:11

Health: -3/89      AC: 17    Str: 27    XL:     9   Next: 98%
Magic:  0/0        EV: 10    Int:  6    God:    Trog [****..]
Gold:   275        SH:  0    Dex: 14    Spells: 8/8 levels left

rFire    . . .     SeeInvis +   I - +0 battleaxe
rCold    . . .     Gourm    .   (shield currently unavailable)
rNeg     . . .     Faith    .   n - +0 chain mail
rPois    .         Spirit   .   m - +2 hat
rElec    .         Reflect  .   h - +1 cloak
rCorr    .         Harm     .   (no gloves)
MR       .....                  G - +1 pair of boots of Autotheism {MP-9 Str+2 Int+2 Dex+4}
Stlth    ..........             (no amulet)
HPRegen  0.24/turn              (no ring)
MPRegen  0.07/turn              p - ring of see invisible {sInv, !d}

@: berserk cooldown, slowed, very slow
A: retaliatory headbutt, horns 2
a: Berserk, Trog's Hand, Brothers in Arms, Burn Spellbooks, Renounce Religion


You were on level 8 of the Dungeon.
You worshipped Trog.
Trog was greatly pleased with you.
You were near starving.

You visited 1 branch of the dungeon, and saw 8 of its levels.
You also visited: Ossuary.

You collected 372 gold pieces.
You spent 97 gold pieces at shops.

Inventory:

Hand Weapons
 j - a +2 long sword of electrocution
   (You took it off a skeletal warrior on level 8 of the Dungeon)
 I - a +0 battleaxe (weapon)
   (You took it off a wight on level 7 of the Dungeon)
 K - a +2 flail of holy wrath
   (You took it off a gnoll on level 7 of the Dungeon)
Missiles
 q - 6 tomahawks (quivered)
Armour
 h - a +1 cloak (worn)
   (You found it on level 3 of the Dungeon)
 m - a +2 hat (worn)
   (You found it on level 2 of the Dungeon)
 n - a +0 chain mail (worn)
   (You found it on level 2 of the Dungeon)
 G - the +1 pair of boots of Autotheism (worn) {MP-9 Str+2 Int+2 Dex+4}
   (You found it on level 6 of the Dungeon)

   It affects your strength (+2).
   It affects your intelligence (+2).
   It affects your dexterity (+4).
   It affects your magic capacity (-9).
Jewellery
 e - an uncursed ring of stealth {Stlth+}
   (You took it off a kobold on level 2 of the Dungeon)
 p - a ring of see invisible (right hand) {sInv, !d}
   (You found it on level 2 of the Dungeon)
Wands
 y - a wand of disintegration (11)
   (You found it on level 5 of the Dungeon)
 J - a wand of flame (32)
   (You took it off a gnoll on level 7 of the Dungeon)
Scrolls
 a - a scroll of enchant armour
 d - 7 scrolls of teleportation
 f - 2 scrolls of fear
 g - a scroll of magic mapping {unknown}
 i - a scroll of identify
 k - 3 scrolls of blinking {!r}
 v - a scroll of enchant weapon
 C - 5 scrolls of immolation {!r}
Potions
 b - 3 potions of heal wounds {unknown}
 l - 4 potions of haste {unknown}
 o - 2 potions of agility
 r - 3 potions of resistance
 t - 2 potions of lignification {unknown}
 u - a potion of ambrosia {unknown}
 x - 6 potions of curing
 z - 4 potions of flight {unknown}
 A - a potion of brilliance {unknown}
 D - 2 potions of mutation {unknown}
 E - a potion of invisibility {unknown}
 F - a potion of magic {unknown}
Comestibles
 c - 15 rations
 H - 12 chunks of flesh {@w0}


   Skills:
 + Level 11.0 Fighting
 + Level 11.1 Axes
 + Level 8.4 Armour
 + Level 3.1 Dodging


You had 8 spell levels left.
You didn't know any spells.

Dungeon Overview and Level Annotations

Branches:
Dungeon (8/15)
 Temple: D:4-7         Lair: D:8-11

Altars:
Cheibriados
Dithmenos
Gozag
Makhleb
Nemelex Xobeh
Okawaru
Qazlal
Yredelemnul
Zin

Shops:
D:7 ?


Innate Abilities, Weirdness & Mutations

You reflexively headbutt those who attack you in melee.
You have a pair of horns on your head.


Message History

You butcher the orc corpse.
H - 5 chunks of flesh {@w0} (gained 1)
You see here a trident. x2
You butcher the orc corpse.
H - 6 chunks of flesh {@w0} (gained 1)
Things that are here:
a glaive; a plate armour; an orc skeleton HP restored.
Things that are here:
a glaive; a plate armour; an orc skeleton You butcher the orc corpse.
H - 9 chunks of flesh {@w0} (gained 3)
Things that are here:
a ring mail; an orc skeleton
Things that are here:
a ring mail; an orc skeleton
Things that are here:
a hand axe; a ring mail; an orc corpse You butcher the orc corpse.
H - 12 chunks of flesh {@w0} (gained 3)
Things that are here:
a hand axe; a ring mail
Things that are here:
a hand axe; a ring mail
Things that are here:
a glaive; a plate armour; an orc skeleton
Found a stone staircase leading down.
g - a scroll labeled IXKOFIV VIXI
i - a scroll of identify A skeletal warrior comes into view.
It is wielding a long sword of electrocution.
A red film seems to cover your vision as you go berserk!
You feel yourself moving faster!
You feel mighty!
You are feeling very hungry.
You feel a strong urge to attack something.
You closely miss the skeletal warrior. You headbutt the skeletal warrior!
The skeletal warrior is lightly damaged.
You barely miss the skeletal warrior.
The skeletal warrior is lightly damaged.
The skeletal warrior hits you but does no damage.
You are electrocuted!
You completely miss the skeletal warrior.
You headbutt the skeletal warrior, but do no damage.
The skeletal warrior is lightly damaged.
The skeletal warrior misses you. You furiously retaliate!
You headbutt the skeletal warrior! You barely miss the skeletal warrior.
You headbutt the skeletal warrior.
The skeletal warrior is moderately damaged.
You hit the skeletal warrior but do no damage.
You headbutt the skeletal warrior.
The skeletal warrior is moderately damaged.
The skeletal warrior barely misses you.
You slice the skeletal warrior!!
The skeletal warrior is severely damaged.
The skeletal warrior hits you with a long sword of electrocution!
You slice the skeletal warrior!!
You headbutt the skeletal warrior, but do no damage.
The skeletal warrior is almost destroyed.
The skeletal warrior hits you with a long sword of electrocution.
You closely miss the skeletal warrior. You headbutt the skeletal warrior.
The skeletal warrior is almost destroyed.
You slash the skeletal warrior!
You destroy the skeletal warrior!
Trog accepts your kill.
Your Fighting skill increases to level 11!
Your Axes skill increases to level 11!
Your Dodging skill increases to level 3!
A skeletal warrior comes into view. It is wielding a mace.
You see here a long sword of electrocution.
j - a long sword of electrocution You feel a strong urge to attack something.
You are no longer berserk.
You are exhausted.
You feel yourself slow down.
A skeletal warrior comes into view. It is wielding a trident.
You see here a scroll of remove curse.
Your skin crawls.
You feel resistant to hostile enchantments.
You are near starving!
The skeletal warrior hits you with a mace!
The skeletal warrior misses you.
The skeletal warrior hits you with a mace!
The skeletal warrior closely misses you.
The skeletal warrior hits you from afar with a trident!
The skeletal warrior hits you with a mace!
The skeletal warrior hits you from afar with a trident!
You see here a trident.
You feel the effects of Trog's Hand fading.
The skeletal warrior hits you with a mace.
Things that are here:
a glaive; a plate armour; an orc skeleton The skeletal warrior hits you from afar with a trident!
* * * LOW HITPOINT WARNING * * *
The skeletal warrior hits you but does no damage.
There is a stone staircase leading up here.
Your skin stops crawling.
You feel less resistant to hostile enchantments.
The skeletal warrior hits you from afar with a trident!!
* * * LOW HITPOINT WARNING * * *
The skeletal warrior hits you with a mace!
You die...

# #.....# #. #.#...#
##.##.#.#.## #..........#
.##..........## ..
..............# ....
.............## . ...#
#......@.....#
#.....###......z)..#.##
##..#....#......z[...(.#
......##...>.)..)......#
........#...........#...#
......#.#=..........# #.#
.....#...#.....##### .##
###.#.#............# ...#
...................#
...##


You could see 2 skeletal warriors.

Vanquished Creatures
  A skeletal warrior (D:8)
  Pikel (D:5)
  Prince Ribbit (D:7)
  2 ice beasts
  2 orc warriors
  A sky beast (D:7)
  A slave (D:5)
  3 ogres
  A necrophage (D:6)
  2 centaurs (D:7)
  Blork the orc (D:4)
  2 bullfrogs
  A howler monkey (D:7)
  4 wights (D:7)
  2 jellies
  4 crimson imps
  A centaur zombie (D:7)
  2 human zombies (Ossuary)
  A quasit (D:6)
  4 hounds
  A bullfrog skeleton (D:6)
  2 gnoll shamans
  Jessica (D:2)
  Ijyb (D:5)
  3 iguanas (D:7)
  12 worker ants
  2 big kobold zombies (Ossuary)
  2 mummies (Ossuary)
  Robin (D:2)
  10 gnolls
  A howler monkey skeleton (D:6)
  12 adders
  3 shadow imps
  An adder skeleton (D:4)
  2 worms (D:2)
  A dart slug (D:1)
  3 leopard geckos
  16 orcs
  5 giant cockroaches
  13 goblins
  13 hobgoblins
  6 jackals (D:5)
  A quokka (D:4)
  2 ball pythons
  5 bats
  3 frilled lizards
  3 gnoll zombies (Ossuary)
  A goblin zombie (Ossuary)
  6 kobolds
  A leopard gecko zombie (D:5)
  A quokka skeleton (D:4)
  4 rats
175 creatures vanquished.

Vanquished Creatures (others)
  Menkaure (D:5)
  An adder zombie (D:5)
  A jackal (D:5)
3 creatures vanquished.

Grand Total: 178 creatures vanquished

Notes
Turn   | Place    | Note
-------+----------+-------------------------------------------
     0 | D:1      | Mgcat the Minotaur Berserker began the quest for the Orb.
     0 | D:1      | Reached XP level 1. HP: 19/19 MP: 0/0
   243 | D:1      | Reached skill level 4 in Fighting
   243 | D:1      | Reached skill level 4 in Axes
   243 | D:1      | Reached XP level 2. HP: 18/27 MP: 1/1
   532 | D:2      | Reached XP level 3. HP: 29/34 MP: 2/2
   931 | D:2      | Reached ** piety under Trog
   933 | D:2      | Noticed Robin
   933 | D:2      | Reached XP level 4. HP: 41/41 MP: 3/3
   945 | D:2      | Killed Robin
   945 | D:2      | Reached skill level 5 in Fighting
   945 | D:2      | Reached skill level 5 in Axes
  1047 | D:2      | Noticed Jessica
  1070 | D:2      | Killed Jessica
  1412 | D:3      | Reached XP level 5. HP: 48/48 MP: 4/4
  2180 | D:4      | Found a sparkling altar of Nemelex Xobeh.
  2211 | D:4      | Found a burning altar of Makhleb.
  2214 | D:4      | Found a glowing silver altar of Zin.
  2214 | D:4      | Found a basalt altar of Yredelemnul.
  2370 | D:4      | Noticed Blork the orc
  2375 | D:4      | Killed Blork the orc
  2375 | D:4      | Reached skill level 6 in Fighting
  2375 | D:4      | Reached skill level 6 in Axes
  2375 | D:4      | Reached XP level 6. HP: 57/57 MP: 5/5
  2674 | D:4      | Found a stormy altar of Qazlal.
  2812 | D:5      | Entered Level 5 of the Dungeon
  2812 | D:5      | Noticed a slave
  2812 | D:5      | Noticed a slave
  2813 | D:5      | Noticed Pikel
  2818 | D:5      | Killed a slave
  2821 | D:5      | Killed Pikel
  2821 | D:5      | Reached skill level 7 in Fighting
  2821 | D:5      | Reached skill level 7 in Axes
  2821 | D:5      | Reached XP level 7. HP: 67/67 MP: 6/6
  2908 | D:5      | Reached *** piety under Trog
  2914 | D:5      | Noticed Ijyb
  2914 | D:5      | Paralysed by Ijyb for 2 turns
  2919 | D:5      | Killed Ijyb
  2919 | D:5      | Reached skill level 8 in Fighting
  2919 | D:5      | Reached skill level 8 in Axes
  3021 | D:5      | Reached skill level 3 in Armour
  3041 | D:5      | Killed Menkaure
  3200 | D:5      | Found a snail-covered altar of Cheibriados.
  3362 | D:5      | Reached XP level 8. HP: 70/75 MP: 7/7
  3457 | D:6      | Reached skill level 4 in Armour
  3574 | D:6      | Reached skill level 9 in Axes
  3583 | D:6      | Reached skill level 9 in Fighting
  3595 | D:6      | Reached skill level 5 in Armour
  3669 | D:6      | Found a sand-covered staircase.
  3678 | Ossuary  | Entered an ossuary
  3768 | Ossuary  | Reached **** piety under Trog
  3958 | D:6      | Found an iron altar of Okawaru.
  3974 | D:6      | Found an opulent altar of Gozag.
  4093 | D:6      | Got a pair of transparent boots
  4099 | D:6      | Identified the +1 pair of boots of Autotheism {MP-9 Str+2 Int+2 Dex+4} (You found it on level 6 of the Dungeon)
  4271 | D:6      | Reached skill level 6 in Armour
  4427 | D:7      | Reached XP level 9. HP: 85/85 MP: 0/8
  4500 | D:7      | Found a shadowy altar of Dithmenos.
  4514 | D:7      | Reached skill level 10 in Fighting
  4514 | D:7      | Reached skill level 10 in Axes
  4544 | D:7      | Reached skill level 7 in Armour
  4634 | D:7      | Found Hirylotu's Magic Scroll Boutique.
  4640 | D:7      | Noticed Prince Ribbit
  4664 | D:7      | Killed Prince Ribbit
  4670 | D:7      | Bought a scroll of enchant armour for 97 gold pieces
  5050 | D:8      | Reached skill level 8 in Armour
  5093 | D:8      | Noticed a skeletal warrior
  5105 | D:8      | Killed a skeletal warrior
  5105 | D:8      | Reached skill level 11 in Fighting
  5105 | D:8      | Reached skill level 11 in Axes
  5105 | D:8      | Reached skill level 3 in Dodging
  5106 | D:8      | Noticed a skeletal warrior
  5108 | D:8      | Noticed a skeletal warrior
  5126 | D:8      | HP: 6/89 [skeletal warrior/trident[a skeletal warrior] (20)]
  5126 | D:8      | Slain by a skeletal warrior

Skill      XL: |  1  2  3  4  5  6  7  8  9 |
---------------+----------------------------+-----
Fighting       | 4 5 6 7 8 9 11 | 11.0
Axes           | 4 5 6 7 8 9 11 | 11.1
Armour         | 3 6 8 |  8.4
Dodging        | 3 |  3.1

Action                   |  1- 3 |  4- 6 |  7- 9 || total
-------------------------+-------+-------+-------++-------
Melee: Hand axe          |    77 |    78 |   111 ||   266
       Headbutt          |    12 |    12 |    74 ||    98
       Dagger            |       |    22 |     8 ||    30
       War axe           |       |       |   134 ||   134
       Battleaxe         |       |       |    41 ||    41
Invok: Berserk           |       |     3 |     6 ||     9
       Trog's Hand       |       |     1 |     1 ||     2
  Use: Scroll            |       |     5 |     9 ||    14
       Potion            |       |       |     1 ||     1
  Eat: Chunk             |       |     9 |    13 ||    22
Armor: Ring mail         |    11 |       |       ||    11
       Chain mail        |    10 |    55 |   150 ||   215
Dodge: Dodged            |    40 |    49 |   127 ||   216

Vault maps used:
D:1:      dpeg_arrival_three_same_balls, serial_bayou_lagoon_b
D:2:      uniq_jessica, uniq_robin
D:3:      minmay_door_path, first_ration
D:4:      kennysheep_mini, chequers_temple_overflow_statue_of_worship,
          minmay_temple_entry_enclosed_plants, corexii_item_surrounded_by_moat,
          minivault_5, uniq_blork_the_orc
D:5:      kennysheep_little_box, nrook_loot_triangle, uniq_pikel, uniq_menkaure,
          uniq_ijyb
D:6:      basic_altar, enter_ossuary_1, okawaru_metal_pillars_1_2
D:7:      grunt_dithmenos_smoke, serial_shops, shop, uniq_prince_ribbit1
D:8:      minmay_the_grid_triangle_9x9_recursive_2, kennysheep_mini_moat,
          lemuel_crystal_altar, david_nohive_1
Ossuary:  ossuary_crypta

Table legend:
 A = Turns spent in this place as a percentage of turns spent in the entire game.
 B = Non-inter-level travel turns spent in this place as a percentage of non-inter-level travel turns spent in the entire game.
 C = Inter-level travel turns spent in this place as a percentage of turns spent in this place.
 D = Turns resting spent in this place as a percentage of non-inter-level travel turns spent in this place.
 E = Turns spent auto-exploring this place as a percentage of non-inter-level travel turns spent in this place.
 F = Non-inter-level travel turns spent in this place divided by the number of levels of this place that you've seen.
                   A       B       C       D       E      F
               +-------+-------+-------+-------+-------+----------------------
         Total | 100.0 | 100.0 |   3.3 |   0.6 |  75.4 | 550.8
       Dungeon |  96.1 |  96.0 |   3.4 |   0.7 |  75.9 | 594.6
       Ossuary |   3.9 |   4.0 |   0.0 |   0.0 |  62.5 | 200.0
               +-------+-------+-------+-------+-------+----------------------

Table legend:
 A = Kills in this place as a percentage of kills in entire the game.
 B = Kills by you in this place as a percentage of kills by you in the entire game.
 C = Kills by friends in this place as a percentage of kills by friends in the entire game.
 D = Other kills in this place as a percentage of other kills in the entire game.
 E = Experience gained in this place as a percentage of experience gained in the entire game.
 F = Experience gained in this place divided by the number of levels of this place that you have seen.
                   A       B       C       D       E      F
               +-------+-------+-------+-------+-------+----------------------
         Total | 100.0 | 100.0 |   N/A |   N/A | 100.0 | 609.0
       Dungeon |  94.3 |  94.3 |   N/A |   N/A |  96.8 | 663.2
       Ossuary |   5.7 |   5.7 |   N/A |   N/A |   3.2 | 175.0
               +-------+-------+-------+-------+-------+----------------------
